 Dungeon Crawl Stone Soup version 0.24-a0-584-g9d6b971ae4 (webtiles) character file.

Game seed: 4661524770590532401, levelgen mode: deterministic

315075 GameOver the Devastator (level 21, -3/190 HPs)
             Began as a Naga Wizard on Aug 31, 2019.
             Was the Champion of Okawaru.
             Slain by a stone giant (illusionary) (21 damage)
             ... on level 3 of the Vaults on Sept 4, 2019.
             The game lasted 06:56:59 (38660 turns).

GameOver the Devastator (Naga Wizard)              Turns: 38660, Time: 06:57:01

Health: -3/190     AC: 29    Str: 15    XL:     21   Next: 37%
Magic:  11/40      EV:  7    Int: 31    God:    Okawaru [******]
Gold:   4032       SH: 11    Dex: 10    Spells: 13/50 levels left

rFire    + + .     SeeInvis +   w - +9 demon whip (elec)
rCold    + + .     Gourm    +   K - +1 shield {rC+ rF+}
rNeg     + . .     Faith    .   M - +6 acid dragon scales
rPois    +         Spirit   .   L - +1 helmet {Int+3}
rElec    +         Reflect  .   v - scarf {rC+ rF+}
rCorr    +         Harm     .   j - +0 pair of gloves "Mujuh" {MR++ Regen+ Str+3 Dex-4}
MR       ++++.                  I - +2 naga barding of Jeoretod {Str-3 Slay+5}
Stlth    +++.......             b - amulet of the gourmand
HPRegen  0.81/turn              y - ring of positive energy
MPRegen  0.27/turn              J - ring "Noih Iwy" {+Fly rElec Str+4 Int+2 Dex+3}

@: about to teleport, finesse, very slow
A: large, see invisible, deformed body, poison resistance, slowness 2, slow
metabolism 1, spit poison 1, constrict 1, AC +7
}: 2/15 runes: barnacled, gossamer
a: Spit Poison, Heroism, Finesse, Renounce Religion, Evoke Flight


You were on level 3 of the Vaults.
You worshipped Okawaru.
Okawaru was exalted by your worship.
You were completely stuffed.

You visited 8 branches of the dungeon, and saw 38 of its levels.

You collected 4149 gold pieces.
You spent 117 gold pieces at shops.

Inventory:

Hand Weapons
 c - a +0 club
 s - a +2 demon trident of freezing
 w - a +9 demon whip of electrocution (weapon)
Missiles
 n - 1076 bolts
Armour
 j - the +0 pair of gloves "Mujuh" (worn) {MR++ Regen+ Str+3 Dex-4}
   (You found it on level 3 of the Elven Halls)

   It affects your strength (+3).
   It affects your dexterity (-4).
   It affects your resistance to hostile enchantments.
   It increases your rate of regeneration.
 v - a scarf of resistance (worn)
 I - the +2 naga barding of Jeoretod (worn) {Str-3 Slay+5}
   (Okawaru gifted it to you on level 1 of the Orcish Mines)

   It affects your strength (-3).
   It affects your accuracy and damage with ranged weapons and melee attacks
   (+5).
 K - a +1 shield of resistance (worn)
 L - a +1 helmet of intelligence (worn)
 M - +6 acid dragon scales (worn)
 R - a +0 naga barding of cold resistance
Magical Staves
 e - an uncursed staff of summoning
 E - an uncursed staff of conjuration
Jewellery
 b - an amulet of the gourmand (around neck)
 q - the ring of Heiczo {Wiz rPois rF- rC++ SInv, unknown}
   (You found it on level 1 of the Vaults)

   [ring of wizardry]

   It improves your spell success rate.
   It makes you vulnerable to fire.
   It greatly protects you from cold.
   It protects you from poison.
   It lets you see invisible.
 y - a ring of positive energy (left hand)
 J - the ring "Noih Iwy" (right hand) {+Fly rElec Str+4 Int+2 Dex+3}
   (You took it off a deep elf annihilator on level 3 of the Elven Halls)

   [ring of intelligence]

   It affects your strength (+4).
   It affects your intelligence (+2).
   It affects your dexterity (+3).
   It insulates you from electricity.
   It lets you fly.
Wands
 o - a wand of iceblast (14)
 A - a wand of acid (50)
 N - a wand of digging (11)
Scrolls
 a - 4 scrolls of fear
 g - 12 scrolls of teleportation
 h - 3 scrolls of identify
 r - 9 scrolls of fog
 u - a scroll of enchant weapon
 B - 5 scrolls of blinking
 C - 5 scrolls of magic mapping
 D - 14 scrolls of remove curse
 F - a scroll of enchant armour
 O - a scroll of vulnerability
 U - 2 scrolls of holy word
 X - 4 scrolls of summoning
Potions
 i - 3 potions of resistance
 k - 6 potions of ambrosia
 l - 8 potions of curing
 m - 3 potions of cancellation
 p - 3 potions of flight
 t - 3 potions of heal wounds
 x - 8 potions of haste
 z - 3 potions of magic
 G - 6 potions of might
 H - 4 potions of agility
 P - 2 potions of berserk rage
 Q - 4 potions of brilliance
 S - a potion of invisibility
Miscellaneous
 T - a phial of floods
 Z - a lightning rod (4/4)
Comestibles
 d - 57 rations


   Skills:
 - Level 12.0 Fighting
 - Level 12.0 Maces & Flails
 - Level 9.0 Armour
 - Level 1.5 Dodging
 - Level 9.0 Stealth
 - Level 9.0 Shields
 - Level 15.0 Spellcasting
 - Level 18.0 Conjurations
 - Level 12.0 Summonings
 - Level 3.0 Translocations
 + Level 6.5 Fire Magic
 - Level 9.0 Air Magic
 - Level 9.0 Poison Magic
 - Level 6.0 Invocations
 - Level 3.0 Evocations


You had 13 spell levels left.
You knew the following spells:

 Your Spells              Type           Power        Failure   Level  Hunger
a - Force Lance           Conj/Tloc      ######..     1%          4    None
b - Blink                 Tloc           N/A          1%          2    None
d - Mephitic Cloud        Conj/Pois/Air  #######.     1%          3    None
q - Summon Lightning Spi  Summ/Air       ######..     1%          4    None
s - Venom Bolt            Conj/Pois      #######...   1%          5    None
A - Orb of Destruction    Conj           #######...   1%          7    #####..
F - Fireball              Conj/Fire      #######...   1%          5    None
Q - Spellforged Servitor  Conj/Summ      #######...   4%          7    #####..

Your spell library contained the following spells:

 Spells                   Type           Power        Failure   Level  Hunger
 Flame Tongue             Conj/Fire      #####        0%          1    None
 Magic Dart               Conj           ####         0%          1    None
 Shock                    Conj/Air       ####         0%          1    None
 Sting                    Conj/Pois      ####         0%          1    None
 Searing Ray              Conj           ######       0%          2    None
 Iskenderun's Mystic Bla  Conj           #######.     0%          4    None
 Summon Butterflies       Summ           #######.     1%          1    None
 Summon Small Mammal      Summ           ####         1%          1    None
 Call Imp                 Summ           #######.     1%          2    None
 Poisonous Vapours        Pois/Air       ######       1%          2    None
 Shroud of Golubria       Chrm/Tloc      ####..       1%          2    None
 Swiftness                Chrm/Air       ######..     1%          2    None
 Throw Flame              Conj/Fire      ######       1%          2    None
 Call Canine Familiar     Summ           #######.     1%          3    None
 Conjure Flame            Conj/Fire      #######.     1%          3    None
 Dazzling Spray           Conj/Hex       ######       1%          3    None
 Inner Flame              Hex/Fire       #####...     1%          3    None
 Recall                   Summ/Tloc      N/A          1%          3    None
 Static Discharge         Conj/Air       #######.     1%          3    None
 Stone Arrow              Conj/Erth      ######       1%          3    None
 Summon Guardian Golem    Hex/Summ       ######..     1%          3    None
 Airstrike                Air            ######....   1%          4    None
 Fulminant Prism          Conj/Hex       ######....   1%          4    None
 Olgreb's Toxic Radiance  Pois           ######..     1%          4    None
 Sticky Flame             Conj/Fire      #######.     1%          4    None
 Irradiate                Conj/Tmut      ######....   1%          5    None
 Iskenderun's Battlesphe  Conj/Chrm      ######..     1%          5    None
 Lightning Bolt           Conj/Air       #######...   1%          5    None
 Corona                   Hex            ###....      2%          1    None
 Gell's Gravitas          Tloc           #####.....   2%          3    None
 Lesser Beckoning         Tloc           #####.....   2%          3    None
 Teleport Other           Tloc           #####...     2%          3    None
 Summon Ice Beast         Ice/Summ       ######..     2%          4    None
 Bolt of Magma            Conj/Fire/Erth ######....   2%          5    None
 Bolt of Fire             Conj/Fire      #######...   2%          6    ###....
 Shadow Creatures         Summ           N/A          2%          6    ###....
 Ensorcelled Hibernation  Hex/Ice        ###...       3%          2    None
 Passwall                 Tmut/Erth      ###.....     3%          2    None
 Slow                     Hex            ###.....     3%          2    None
 Portal Projectile        Hex/Tloc       ####..       4%          3    None
 Confuse                  Hex            ###.....     8%          3    None
 Tukima's Dance           Hex            ###.....     8%          3    None
 Passage of Golubria      Tloc           N/A          8%          4    None
 Bolt of Cold             Conj/Ice       ######....   10%         6    ###....
 Iron Shot                Conj/Erth      ######....   10%         6    ###....
 Silence                  Hex/Air        ######....   11%         5    None
 Summon Hydra             Summ           #######...   16%         7    #####..
 Animate Dead             Necr           N/A          26%         4    None
 Leda's Liquefaction      Hex/Erth       ###.......   26%         4    None
 Borgnjor's Vile Clutch   Necr/Erth      ###.......   56%         5    None
 Lee's Rapid Deconstruct  Erth           ###.......   56%         5    None
 Malign Gateway           Summ/Tloc      ######....   69%         7    #####..
 Darkness                 Hex            ###.......   98%         6    ###....
 Death Channel            Necr           ###.......   98%         6    ###....
 Hydra Form               Tmut           ###.......   98%         6    ###....
 Invisibility             Hex            ###.....     98%         6    ###....
 Simulacrum               Ice/Necr       ###.......   98%         6    ###....
 Statue Form              Tmut/Erth      ###......    98%         6    ###....
 Ring of Flames           Chrm/Fire      #####.....   99%         7    #####..
 Dragon Form              Tmut           ###.......   100%        7    #####..
 Controlled Blink         Tloc           N/A          100%        8    ######.
 Shatter                  Erth           ###.......   100%        9    #######


Dungeon Overview and Level Annotations

Branches:
Dungeon (15/15)            Temple (1/1) D:5            Lair (6/6) D:8
 Shoals (4/4) Lair:2       Spider (4/4) Lair:2        Slime (0/5) Lair:6
    Orc (2/2) D:10            Elf (3/3) Orc:2        Vaults (3/5) D:13
  Crypt (0/3) Vaults:3     Depths (0/5) D:15

Altars:
Ashenzari
Cheibriados
Dithmenos
Elyvilon
Fedhas
Gozag
Hepliaklqana
Kikubaaqudgha
Makhleb
Nemelex Xobeh
Okawaru
Qazlal
Ru
Sif Muna
Trog
Uskayaw
Vehumet
Xom
Yredelemnul
Zin
The Shining One
Beogh

Shops:
Orc:2 [(*=   Elf:1 ==(   Shoals:1 }   Vaults:1 %

Annotations:
Elf:2 5 runed translucent doors
Vaults:3 3 runed translucent doors, skumtomte's ghost, adept DEAE


Innate Abilities, Weirdness & Mutations

You cannot wear boots.
Your serpentine skin is tough. (AC +7)
You have supernaturally acute eyesight. (SInv)
Armour fits poorly on your strangely shaped body.
Your system is resistant to poisons. (rPois)
You cover ground very slowly.
You have a slow metabolism.
You can spit poison.
You can use your snake-like lower body to constrict enemies.


Message History

The stone giant is almost dead.
The stone giant hits you but does no damage.
The stone giant hits you!
* * * LOW HITPOINT WARNING * * *
The stone giant hits you!!
* * * LOW HITPOINT WARNING * * *
Okay, then.
You feel better.
The stone giant looks more healthy.
You block the stone giant's attack.
The rakshasa hits you from afar with a +0 trident.
* * * LOW HITPOINT WARNING * * *
The stone giant hits you but does no damage. x2
Unknown command.
As you read the scroll of teleportation, it crumbles to dust.
You feel strangely unstable.
The stone giant looks more healthy.
The stone giant hits you!
* * * LOW HITPOINT WARNING * * *
The stone giant hits you but does no damage.
The stone giant hits you!!
You die...

#.#.#.....##..#.....##...#.
#.##'....))##.#.....##...#.
#..##.....#.#.#.....######'
#..###...##.#.#............
#...######.##.#............
##....###.##.##......[.....
##......##.###............
##......(## #............
#######@# #####+#######
#CCCC...# #..R....#
#...)...# #.<.....#
#.......# #.......#
#...>...#


You could see 4 stone giants and a rakshasa.

Vanquished Creatures
  Sojobo (Vaults:2)
  Nikola (Shoals:3)
  Rupert (Lair:6)
  A lich (Vaults:3)
  A deep elf blademaster (Elf:3)
  2 deep elf master archers (Elf:3)
  Frances (Elf:1)
  2 tengu reavers (Vaults:2)
  Ilsuiw (Shoals:4)
  Kirke (Lair:6)
  2 deep elf sorcerers (Elf:3)
  3 frost giants
  2 deep elf elementalists (Elf:3)
  5 ghost moths
  An orc warlord (Orc:2)
  4 emperor scorpions
  9 vault wardens
  4 very ugly things
  A curse skull (Vaults:3)
  4 deep elf demonologists
  6 entropy weavers
  8 ironheart preservers
  2 stone giants (Vaults:2)
  The ghost of Vimyl the Fighter, a journeyman GrFi of Okawaru (D:15)
  2 deep elf annihilators (Elf:3)
  8 spark wasps
  6 deep elf death magi
  Snorg (D:10)
  2 merfolk javelineers (Shoals:4)
  7 merfolk impalers (Shoals:4)
  5 yaktaur captains
  10 ogre magi
  3 rakshasas
  8 vault guards
  The ghost of leszekd25 the Summoner, a journeyman TeSu of Cheibriados (Lair:4)
  2 ice dragons
  3 hydras
  The ghost of polpettosauro the Severer, a journeyman MiBe of Trog (Lair:2)
  5 centaur warriors
  An alligator snapping turtle (Shoals:4)
  2 satyrs (Shoals:3)
  A death knight (D:8)
  4 merfolk aquamancers
  21 two-headed ogres
  A queen ant (Lair:4)
  3 orc high priests
  A deep troll shaman (Vaults:1)
  A large abomination (Elf:3)
  Urug (Orc:2)
  13 dancing weapons
  Sonja (Lair:5)
  2 small abominations (Elf:3)
  17 deep elf knights
  2 shadow wraiths (Vaults:1)
  Nergalle (Orc:1)
  3 unseen horrors
  A glowing orange brain (Vaults:2)
  An unseen horror (shapeshifter) (Vaults:3)
  12 sea snakes
  A flayed ghost (D:15)
  3 deep trolls
  9 deep elf archers
  2 phantasmal warriors
  A spectral hydra (Lair:4)
  The ghost of TheWoodenMan the Martial Artist, a novice OpGl of Ru (D:7)
  7 harpies
  7 ironbrand convokers
  42 deep elf magi
  15 orb spiders
  2 wolf spider zombies (D:15)
  30 ugly things
  A tengu skeleton (Vaults:3)
  2 orc sorcerers (Orc:2)
  9 fauns
  A sphinx zombie (Vaults:3)
  6 orc knights
  22 wolf spiders
  10 manticores
  2 necromancers (Vaults:3)
  A moth of wrath (Spider:2)
  7 cyclopes
  11 merfolk sirens
  2 black mambas
  7 vault sentinels
  4 water nymphs
  5 elephants
  A frost giant skeleton (Vaults:3)
  A torpor snail (Spider:4)
  3 spiny frogs
  A gargoyle (D:14)
  A kobold demonologist (D:14)
  A rime drake (shapeshifter) (Elf:3)
  A spiny frog (shapeshifter) (Vaults:2)
  5 freezing wraiths
  4 rime drakes (Lair:6)
  33 yaktaurs
  5 komodo dragons
  An entropy weaver simulacrum (Vaults:2)
  17 demonic crawlers
  8 trolls
  13 merfolk
  3 polar bears (Lair:6)
  6 wind drakes
  A hornet (shapeshifter) (Vaults:2)
  26 jumping spiders
  3 meliai
  6 hornets
  31 slime creatures
  Grinder (D:5)
  A raiju (shapeshifter) (Vaults:1)
  11 hippogriffs
  5 dream sheep
  8 blink frogs
  10 snapping turtles
  63 redbacks
  2 air elementals
  2 shadows
  A centaur simulacrum (D:14)
  A flying skull (Vaults:3)
  21 tarantellas
  2 wraiths
  3 wyverns
  4 basilisks
  2 fire elementals (Elf:2)
  11 water elementals
  2 hogs (Lair:6)
  14 yaks
  3 vampire mosquitoes (D:14)
  A spectral spiny frog (Lair:4)
  Menkaure (D:4)
  3 acid dragons
  A yaktaur simulacrum (Vaults:3)
  4 wargs
  7 soldier ants (Lair:4)
  Edmund (D:5)
  Duvessa (D:4)
  6 water moccasins
  3 porcupines
  2 human zombies (Vaults:3)
  30 orc warriors
  5 ice beasts
  7 sky beasts
  32 ogres
  A black mamba simulacrum (Lair:4)
  2 necrophages
  An ogre (shapeshifter) (Vaults:2)
  A wolf (shapeshifter) (Vaults:3)
  5 phantoms
  8 centaurs
  5 wolves
  3 crocodiles
  15 bullfrogs
  3 big kobolds (D:14)
  Blork the orc (D:5)
  3 earth elementals
  A spiny frog simulacrum (Lair:4)
  Dowan (D:4)
  4 scorpions
  2 wyvern skeletons
  6 wights
  2 howler monkeys
  A centaur zombie (D:7)
  5 crimson imps
  4 hounds
  5 quasits
  4 bullfrog zombies
  7 jellies
  A komodo dragon simulacrum (Lair:4)
  12 orc priests
  15 orc wizards
  2 centaur skeletons
  Jessica (D:2)
  4 iguanas
  17 worker ants
  A killer bee zombie (D:6)
  A hound zombie (D:9)
  A howler monkey zombie (D:8)
  A howler monkey skeleton (D:4)
  11 adders
  8 gnolls
  A shadow imp (D:14)
  3 oozes
  3 adder skeletons
  4 worms (D:2)
  2 dart slugs
  9 leopard geckos
  58 orcs
  2 ball pythons
  3 bats
  6 goblins
  7 hobgoblins
  5 jackals
  3 quokkas
  6 frilled lizards
  10 kobolds
  9 rats
  2 crawling corpses (Elf:3)
  A plant (Shoals:4)
  A tentacle (Shoals:4)
1169 creatures vanquished.

Vanquished Creatures (collateral kills)
  A deep elf blademaster (Elf:3)
  A kraken (Shoals:4)
  A tengu reaver (Vaults:2)
  2 deep elf sorcerers
  An emperor scorpion (Spider:4)
  An ironheart preserver (Vaults:1)
  A deep elf elementalist (Elf:3)
  2 entropy weavers
  4 deep elf annihilators
  4 merfolk javelineers
  The ghost of Wodum the Destroyer, a journeyman TeFE of Sif Muna (Shoals:1)
  A merfolk impaler (Shoals:4)
  Josephine (D:10)
  2 deep elf high priests (Elf:3)
  2 hydras
  A rakshasa (Vaults:2)
  A merfolk aquamancer (Shoals:3)
  2 centaur warriors (Vaults:1)
  An alligator snapping turtle (Shoals:4)
  2 merfolk avatars
  6 two-headed ogres
  A satyr (Shoals:4)
  A deep troll shaman (Vaults:1)
  A tengu warrior (D:14)
  An ogre mage (Vaults:2)
  A deep elf knight (Vaults:3)
  An orc high priest (Orc:2)
  A storm dragon skeleton (Vaults:3)
  4 deep elf archers
  An unseen horror (D:13)
  3 orc knights
  A lindwurm (Lair:5)
  An ironbrand convoker (Vaults:3)
  16 wolf spiders
  2 harpies
  7 orb spiders
  6 oklob plants
  7 deep elf magi
  3 cyclopes
  3 orc sorcerers
  The ghost of Execuda the Skirmisher, a novice OgBe of Trog (D:5)
  6 manticores
  A human zombie (Vaults:3)
  2 moths of wrath
  A salamander (shapeshifter) (Elf:2)
  5 fauns
  6 ugly things
  3 merfolk sirens (Shoals:4)
  A vault sentinel (Vaults:2)
  4 elephants (Lair:6)
  4 water nymphs
  A storm dragon simulacrum (D:15)
  5 spiny frogs
  3 komodo dragons
  A kobold demonologist (D:14)
  A rime drake (Lair:6)
  A demonic crawler (Spider:2)
  3 freezing wraiths
  2 yaktaurs
  2 tengu conjurers
  7 jumping spiders
  3 trolls
  14 merfolk
  3 wind drakes
  6 hornets (Spider:4)
  A hippogriff (shapeshifter) (Vaults:3)
  8 blink frogs
  4 snapping turtles
  2 dream sheep
  8 slime creatures
  4 hippogriffs
  A spectral black mamba (Lair:4)
  34 redbacks
  A water elemental (Shoals:3)
  9 yaks
  A wyvern (D:10)
  2 basilisks
  7 wraiths
  22 tarantellas
  A vampire (D:8)
  A hog (Lair:6)
  A hog (shapeshifter) (Vaults:2)
  3 hungry ghosts
  A steam dragon (D:8)
  A warg (Orc:2)
  A soldier ant (Lair:4)
  10 water moccasins
  A porcupine (Lair:2)
  2 necrophages
  15 orc warriors
  A phantom (D:9)
  2 ice beasts
  An eye of draining (D:13)
  A black mamba simulacrum (Lair:4)
  3 wolves
  13 ogres
  10 centaurs
  5 crocodiles
  3 big kobolds
  3 bullfrogs
  A water moccasin zombie (D:10)
  A scorpion (D:8)
  2 wights (D:13)
  A komodo dragon simulacrum (Lair:4)
  A hound (D:9)
  4 orc priests
  4 jellies
  A bullfrog skeleton (D:10)
  2 iguanas (D:9)
  11 orc wizards
  12 worker ants
  A howler monkey zombie (D:9)
  A shadow imp (D:15)
  30 orcs
  8 kobolds
  A crawling corpse (Elf:3)
  A fungus (Orc:2)
  16 plants
  A tentacle (Shoals:4)
467 creatures vanquished.

Vanquished Creatures (others)
  A spark wasp (Spider:4)
  A redback (Spider:3)
  A water elemental (Elf:1)
  A tarantella (Spider:4)
  An ogre (Vaults:2)
  23 fungi
  12 plants
  3 tentacles (Shoals:4)
43 creatures vanquished.

Grand Total: 1679 creatures vanquished

Notes
Turn   | Place    | Note
-------+----------+-------------------------------------------
     0 | D:1      | GameOver the Naga Wizard began the quest for the Orb.
     0 | D:1      | Reached XP level 1. HP: 15/15 MP: 4/4
   125 | D:1      | Reached skill level 2 in Conjurations
   125 | D:1      | Reached XP level 2. HP: 22/22 MP: 6/6
   736 | D:2      | Reached skill level 3 in Conjurations
   736 | D:2      | Reached XP level 3. HP: 25/28 MP: 2/7
   740 | D:2      | Learned a level 2 spell: Blink
   744 | D:2      | Learned a level 3 spell: Mephitic Cloud
   916 | D:2      | Reached XP level 4. HP: 36/36 MP: 4/8
   944 | D:2      | Found a faded altar of an unknown god.
  1159 | D:2      | Noticed Jessica
  1160 | D:2      | Killed Jessica
  1160 | D:2      | Reached skill level 4 in Conjurations
  1306 | D:2      | Reached XP level 5. HP: 18/42 MP: 4/9
  1493 | D:2      | Reached skill level 5 in Conjurations
  1673 | D:3      | Learned a level 3 spell: Conjure Flame
  1849 | D:3      | Found a stormy altar of Qazlal.
  2147 | D:4      | Noticed Menkaure
  2208 | D:4      | Reached XP level 6. HP: 33/49 MP: 6/10
  2258 | D:4      | Noticed Dowan
  2262 | D:4      | Noticed Duvessa
  2297 | D:4      | Killed Duvessa
  2297 | D:4      | Reached skill level 6 in Conjurations
  2376 | D:4      | Killed Dowan
  2376 | D:4      | Reached skill level 1 in Poison Magic
  2588 | D:5      | Entered Level 5 of the Dungeon
  2588 | D:5      | Noticed an ice beast
  2718 | D:4      | Reached XP level 7. HP: 47/55 MP: 7/11
  2743 | D:5      | Found a staircase to the Ecumenical Temple.
  2747 | D:5      | Noticed Grinder
  2756 | D:5      | Killed Grinder
  2756 | D:5      | Reached skill level 1 in Fire Magic
  2760 | D:5      | Noticed Blork the orc
  2764 | D:5      | Noticed Edmund
  2894 | D:5      | Killed Edmund
  2894 | D:5      | Reached XP level 8. HP: 20/62 MP: 5/13
  2954 | D:5      | Killed Blork the orc
  2980 | Temple   | Entered the Ecumenical Temple
  3068 | Temple   | Became a worshipper of Warmaster Okawaru
  3195 | D:5      | Found a transporter.
  3221 | D:4      | Killed Menkaure
  3221 | D:4      | Reached skill level 5 in Stealth
  3221 | D:4      | Reached skill level 5 in Poison Magic
  3513 | D:5      | Reached * piety under Okawaru
  3558 | D:5      | Found a transporter.
  3600 | D:5      | Noticed Execuda's ghost (novice OgBe)
  3616 | D:5      | Identified the +1 great mace "Kemuk" {crush, Int+4}
  4073 | D:6      | Reached skill level 5 in Spellcasting
  4212 | D:6      | Reached XP level 9. HP: 68/68 MP: 10/17
  4249 | D:6      | Reached skill level 1 in Invocations
  4386 | D:6      | Reached ** piety under Okawaru
  4386 | D:6      | Reached skill level 1 in Maces & Flails
  4807 | D:6      | Learned a level 4 spell: Summon Lightning Spire
  4971 | D:7      | Reached skill level 1 in Fighting
  5006 | D:7      | Reached skill level 1 in Air Magic
  5093 | D:7      | Got an ichor-stained long sword
  5100 | D:7      | Identified the cursed +1 long sword "Beastbane" {flame,
                  | SInv} (You found it on level 7 of the Dungeon)
  5276 | D:7      | Reached *** piety under Okawaru
  5366 | D:7      | Reached XP level 10. HP: 81/81 MP: 11/19
  5391 | D:7      | Noticed a moth of wrath
  5392 | D:7      | Found a transporter.
  5396 | D:7      | Found a transporter.
  5402 | D:7      | Found a bloodstained altar of Trog.
  5406 | D:7      | Noticed TheWoodenMan's ghost (novice OpGl)
  5414 | D:7      | Noticed a cyclops
  5896 | D:5      | Killed Execuda's ghost
  6094 | D:8      | Noticed a death knight
  6116 | D:8      | Found a shimmering altar of Xom.
  6125 | D:8      | Reached **** piety under Okawaru
  6334 | D:8      | Noticed a cyclops
  6365 | D:8      | Killed a cyclops
  6431 | D:8      | Noticed a seven-headed hydra
  6529 | D:8      | Found a staircase to the Lair.
  6534 | D:8      | Noticed an elephant
  6547 | D:8      | Killed an elephant
  6547 | D:8      | Reached skill level 1 in Armour
  6548 | D:8      | Reached skill level 5 in Summonings
  6722 | D:8      | Killed a seven-headed hydra
  6722 | D:8      | Reached ***** piety under Okawaru
  6775 | D:8      | Got an iridescent rapier
  6776 | D:8      | Identified the +6 rapier of Xyfexe {pierce, *Noise rC-
                  | MR+++ Str+9} (You took it off an orc on level 8 of the
                  | Dungeon)
  6782 | D:8      | Reached skill level 5 in Air Magic
  6892 | D:8      | Noticed a centaur warrior
  6915 | D:8      | Killed a centaur warrior
  6915 | D:8      | Reached XP level 11. HP: 77/92 MP: 12/20
  6933 | D:8      | Identified Funuoz's Papyrus of Conjuration
  6981 | D:8      | Killed a death knight
  6981 | D:8      | Reached skill level 5 in Maces & Flails
  7734 | D:9      | Got a transparent mace
  7735 | D:9      | Identified the +3 mace of Defence by Offence {antimagic,
                  | rC+ MR+ Stlth+} (You found it on level 9 of the Dungeon)
  7852 | D:9      | Found a hazy altar of Hepliaklqana.
  7964 | D:9      | Found a shattered altar of Ashenzari.
  8036 | D:9      | Found a hide-covered altar of Uskayaw.
  8103 | D:9      | Received a gift from Okawaru
  8109 | D:9      | Got a polished naga barding {god gift}
  8119 | D:9      | Identified the +3 naga barding of Giutep {rElec rF- rC+
                  | rN+} (Okawaru gifted it to you on level 9 of the Dungeon)
  8517 | D:10     | Entered Level 10 of the Dungeon
  8668 | D:10     | Found a staircase to the Orcish Mines.
  8687 | D:10     | Found a roughly hewn altar of Beogh.
  8690 | D:10     | Noticed Snorg
  8703 | D:10     | Noticed Josephine
  8807 | D:10     | Reached skill level 5 in Armour
  8960 | D:10     | Killed Snorg
  9372 | D:10     | Killed Josephine
  9372 | D:10     | Reached skill level 7 in Conjurations
  9605 | D:7      | Killed a moth of wrath
  9612 | D:7      | Killed TheWoodenMan's ghost
  9613 | D:7      | Received a gift from Okawaru
  9623 | D:7      | Killed a cyclops
  9752 | Lair:1   | Entered Level 1 of the Lair of Beasts
  9759 | Lair:1   | Learned a level 4 spell: Force Lance
 10097 | Lair:1   | Noticed a four-headed hydra
 10106 | Lair:1   | Killed a four-headed hydra
 10106 | Lair:1   | Reached skill level 5 in Fighting
 10106 | Lair:1   | Reached skill level 8 in Conjurations
 10106 | Lair:1   | Reached XP level 12. HP: 84/103 MP: 11/21
 10940 | Lair:2   | Found a runed translucent door.
 10940 | Lair:2   | Noticed polpettosauro's ghost (journeyman MiBe)
 10953 | Lair:2   | Killed polpettosauro's ghost
 11130 | Lair:2   | Found a staircase to the Shoals.
 11263 | Lair:2   | Received a gift from Okawaru
 11321 | Lair:2   | Found a hole to the Spider Nest.
 12314 | Lair:4   | Found a runed translucent gate.
 12314 | Lair:4   | Found a runed translucent gate.
 12372 | Lair:4   | Reached skill level 9 in Conjurations
 12388 | Lair:4   | Received a gift from Okawaru
 12416 | Lair:4   | Got a pair of twisted gloves {god gift}
 12427 | Lair:4   | Identified the +0 pair of gloves of Kuthy {rF+ Str+6}
                  | (Okawaru gifted it to you on level 4 of the Lair of Beasts)
 12486 | Lair:4   | Found a runed translucent gate.
 12486 | Lair:4   | Noticed leszekd25's ghost (journeyman TeSu)
 12535 | Lair:4   | Noticed an entropy weaver
 12535 | Lair:4   | Noticed a queen ant
 12545 | Lair:4   | Killed a queen ant
 12545 | Lair:4   | Reached ****** piety under Okawaru
 12546 | Lair:4   | Noticed an entropy weaver
 12550 | Lair:4   | Killed an entropy weaver
 12557 | Lair:4   | Killed an entropy weaver
 12711 | Lair:4   | Gained mutation: You can use your snake-like lower body to
                  | constrict enemies. [Naga growth]
 12711 | Lair:4   | Reached XP level 13. HP: 97/111 MP: 18/24
 13168 | Lair:4   | Killed leszekd25's ghost
 13169 | Lair:4   | Received a gift from Okawaru
 13235 | Lair:5   | Noticed Sonja
 13247 | Lair:5   | Killed Sonja
 13343 | Lair:5   | Reached skill level 10 in Conjurations
 13424 | Lair:5   | Got a sapphire flail
 13425 | Lair:5   | Identified the +10 flail "Ufiuc" {flame, *Contam rElec rF++
                  | Stlth+} (You found it on level 5 of the Lair of Beasts)
 13846 | Lair:6   | Entered Level 6 of the Lair of Beasts
 14134 | Lair:6   | Received a gift from Okawaru
 14195 | Lair:6   | Received a gift from Okawaru
 14347 | Lair:6   | Noticed Rupert
 14361 | Lair:6   | Killed Rupert
 14361 | Lair:6   | Reached skill level 11 in Conjurations
 14363 | Lair:6   | Noticed Kirke
 14565 | Lair:6   | Reached XP level 14. HP: 109/120 MP: 25/27
 14571 | Lair:6   | Found a staircase to the Slime Pits.
 14832 | Lair:6   | Reached skill level 10 in Maces & Flails
 14845 | Lair:6   | Killed Kirke
 15213 | Orc:1    | Entered Level 1 of the Orcish Mines
 15317 | Orc:1    | Received a gift from Okawaru
 15321 | Orc:1    | Got a jewelled cloak {god gift}
 15332 | Orc:1    | Identified the +1 cloak of Ehituz {rN+ Regen+ Int-5}
                  | (Okawaru gifted it to you on level 1 of the Orcish Mines)
 15494 | Orc:2    | Entered Level 2 of the Orcish Mines
 15494 | Orc:2    | Found a staircase to the Elven Halls.
 15604 | Orc:2    | Noticed Urug
 15693 | Orc:2    | Killed Urug
 15705 | Orc:2    | Reached skill level 12 in Conjurations
 15750 | Orc:2    | Found Orchuus's Antique Armour Shoppe.
 15805 | Orc:1    | Noticed Nergalle
 15899 | Orc:2    | Found Xirueff's Jewellery Emporium.
 16116 | Orc:2    | Noticed an orc warlord
 16135 | Orc:2    | Killed an orc warlord
 16160 | Orc:2    | Found Deiqiugi's Antique Weapon Emporium.
 16255 | Orc:2    | Found Voodixte's General Store.
 16263 | Orc:2    | Bought a ration for 65 gold pieces
 16263 | Orc:2    | Bought a scroll of identify for 26 gold pieces
 16263 | Orc:2    | Bought a scroll of identify for 26 gold pieces
 16790 | Orc:1    | Killed Nergalle
 16791 | Orc:1    | Received a gift from Okawaru
 17053 | D:11     | Found a burning altar of Makhleb.
 17993 | D:12     | Found a white marble altar of Elyvilon.
 18679 | D:13     | Found a gate to the Vaults.
 18928 | D:13     | Reached XP level 15. HP: 126/126 MP: 15/28
 19288 | D:14     | Received a gift from Okawaru
 19307 | D:14     | Got a pitted executioner's axe
 19308 | D:14     | Identified the +9 executioner's axe "Killer Klown's Regret"
                  | {flame, rF- Dex+5 SInv} (You found it on level 14 of the
                  | Dungeon)
 19798 | D:15     | Entered Level 15 of the Dungeon
 19908 | D:15     | Found a staircase to the Depths.
 19959 | D:15     | Received a gift from Okawaru
 20042 | D:15     | Found a runed translucent gate.
 20043 | D:15     | Found a runed translucent gate.
 20043 | D:15     | Found a runed translucent gate.
 20043 | D:15     | Noticed Vimyl's ghost (journeyman GrFi)
 20064 | D:15     | Killed Vimyl's ghost
 20804 | Spider:1 | Entered Level 1 of the Spider Nest
 20905 | Spider:1 | Received a gift from Okawaru
 20920 | Spider:1 | Got a transparent naga barding {god gift}
 20931 | Spider:1 | Identified the +0 naga barding of Pisix {Str+6 Int-3}
                  | (Okawaru gifted it to you on level 1 of the Spider Nest)
 20959 | Spider:1 | Reached skill level 13 in Conjurations
 20961 | Spider:1 | Noticed an emperor scorpion
 21422 | Spider:1 | Killed an emperor scorpion
 21640 | Spider:1 | Reached XP level 16. HP: 113/135 MP: 11/29
 22835 | Spider:2 | Received a gift from Okawaru
 22839 | Spider:2 | Reached skill level 14 in Conjurations
 22846 | Spider:2 | Learned a level 5 spell: Venom Bolt
 24026 | Spider:2 | Reached skill level 10 in Spellcasting
 24488 | Spider:3 | Got a bloodstained ring mail
 24499 | Spider:3 | Identified the cursed +1 ring mail of the Unstoppable
                  | Deaths {rElec} (You found it on level 3 of the Spider Nest)
 24773 | Spider:3 | Received a gift from Okawaru
 25064 | Spider:3 | Reached skill level 1 in Shields
 25267 | Spider:4 | Entered Level 4 of the Spider Nest
 25602 | Spider:4 | Received a gift from Okawaru
 25856 | Spider:4 | Reached XP level 17. HP: 148/148 MP: 23/31
 26095 | Spider:4 | Reached skill level 15 in Conjurations
 26362 | Spider:4 | Received a gift from Okawaru
 26646 | Spider:4 | Got a gossamer rune of Zot
 27080 | Elf:1    | Entered Level 1 of the Elven Halls
 27192 | Elf:1    | Found Biwkuad's Jewellery Emporium.
 27261 | Elf:1    | Reached skill level 10 in Fighting
 27605 | Elf:1    | Identified the Almanac of Creative Battle Magic
 27695 | Elf:1    | Noticed Frances
 27744 | Elf:1    | Found Qiluob's Weapon Boutique.
 27744 | Elf:1    | Found Vaimesch's Jewellery Shop.
 27767 | Elf:1    | Killed Frances
 28288 | Elf:2    | Found a huge runed translucent gate.
 28291 | Elf:2    | Found a huge runed translucent gate.
 28291 | Elf:2    | Found a huge runed translucent gate.
 28292 | Elf:2    | Found a huge runed translucent gate.
 28293 | Elf:2    | Found a huge runed translucent gate.
 28298 | Elf:2    | Noticed a deep elf blademaster
 28797 | Elf:2    | Learned a level 7 spell: Orb of Destruction
 28825 | Elf:3    | Entered Level 3 of the Elven Halls
 28856 | Elf:3    | Found an ancient bone altar of Kikubaaqudgha.
 28936 | Elf:3    | Received a gift from Okawaru
 29243 | Elf:3    | Reached XP level 18. HP: 163/168 MP: 23/34
 29861 | Elf:3    | Noticed a deep elf blademaster
 29869 | Elf:3    | Killed a deep elf blademaster
 29869 | Elf:3    | Reached skill level 16 in Conjurations
 29911 | Elf:3    | Identified the cursed +0 steam dragon scales "Raliyt"
                  | {-Tele rElec rPois Dex+3}
 29911 | Elf:3    | Identified the ring "Noih Iwy" {+Fly rElec Str+4 Int+2
                  | Dex+3}
 29930 | Elf:3    | Noticed a Tzitzimitl
 30217 | Elf:3    | Received a gift from Okawaru
 30249 | Elf:3    | Noticed a deep elf master archer
 30254 | Elf:3    | Identified the ring of Zatrid {Fire rN+}
 30254 | Elf:3    | Noticed a deep elf blademaster
 30265 | Elf:3    | Killed a deep elf blademaster
 30271 | Elf:3    | Killed a deep elf master archer
 30339 | Elf:3    | Got a pitted falchion
 30340 | Elf:3    | Identified the +8 falchion "Xussi" {freeze, rN+} (You found
                  | it on level 3 of the Elven Halls)
 30342 | Elf:3    | Got a transparent falchion
 30343 | Elf:3    | Identified the +9 falchion of Nura {freeze, rC- MP+9 Str+3}
                  | (You found it on level 3 of the Elven Halls)
 30352 | Elf:3    | Identified The Arcane Secrets of Magic
 30355 | Elf:3    | Got a slimy hand crossbow
 30356 | Elf:3    | Identified the +6 hand crossbow of Qatz {venom, Int+6} (You
                  | found it on level 3 of the Elven Halls)
 30373 | Elf:3    | Got an ancient short sword
 30374 | Elf:3    | Identified the +3 short sword "Teketa" {speed, rN+} (You
                  | found it on level 3 of the Elven Halls)
 30418 | Elf:3    | Noticed a deep elf master archer
 30422 | Elf:3    | Identified the Almanac of Attacks
 30428 | Elf:3    | Killed a deep elf master archer
 30434 | Elf:3    | Got a pair of distressingly furry gloves
 30445 | Elf:3    | Identified the cursed +0 pair of gloves "Mujuh" {MR++
                  | Regen+ Str+3 Dex-4} (You found it on level 3 of the Elven
                  | Halls)
 30451 | Elf:3    | Identified Ceklil's Collected Works on Earth and Flames
 30654 | Orc:1    | Got a fine naga barding {god gift}
 30665 | Orc:1    | Identified the +2 naga barding of Jeoretod {Str-3 Slay+5}
                  | (Okawaru gifted it to you on level 1 of the Orcish Mines)
 30849 | Lair:2   | Identified the +4 demon whip "Naga's Foe" {flame, *Slow
                  | rElec rPois Dex+3}
 30865 | Shoals:1 | Entered Level 1 of the Shoals
 31080 | Shoals:1 | Found Gokourua's Gadget Boutique.
 31122 | Shoals:1 | Found a runed translucent gate.
 31133 | Shoals:1 | Reached skill level 1 in Evocations
 31156 | Shoals:1 | Found a runed translucent gate.
 31158 | Shoals:1 | Noticed Wodum's ghost (journeyman TeFE)
 31174 | Shoals:1 | Found a runed translucent gate.
 31476 | Shoals:1 | Killed Wodum's ghost
 31534 | Shoals:2 | Reached skill level 5 in Shields
 31559 | Shoals:2 | Got a vibrating tin ring
 31561 | Shoals:2 | Identified the ring "Lann" {-Tele rElec rF+ rC+ Str+2} (You
                  | found it on level 2 of the Shoals)
 32462 | Shoals:3 | Noticed Nikola
 32595 | Shoals:3 | Received a gift from Okawaru
 32596 | Shoals:3 | Found the +8 orange crystal plate armour {Archmagi, Int+3
                  | Clar}
 32753 | Shoals:3 | Identified the +5 halberd of Excruciating Pain {freeze,
                  | *Noise rC- Str+7 SInv}
 32947 | Shoals:3 | Killed Nikola
 32947 | Shoals:3 | Reached skill level 5 in Invocations
 32947 | Shoals:3 | Reached XP level 19. HP: 171/175 MP: 10/35
 33142 | Shoals:4 | Entered Level 4 of the Shoals
 33320 | Shoals:4 | Reached skill level 17 in Conjurations
 33464 | Shoals:4 | Noticed Ilsuiw
 33475 | Shoals:4 | Killed Ilsuiw
 33955 | Shoals:4 | Received a gift from Okawaru
 34165 | Shoals:4 | Got a transparent tin ring
 34167 | Shoals:4 | Identified the ring "Zienn" {rPois rF- Int+3 Stlth-} (You
                  | found it on level 4 of the Shoals)
 34214 | Shoals:4 | Got a barnacled rune of Zot
 34289 | Shoals:4 | Identified Joimume's Collected Works on the Compass
 34590 | Vaults:1 | Entered Level 1 of the Vaults
 34777 | Vaults:1 | Received a gift from Okawaru
 34987 | Vaults:1 | Found Wyen's Food Shop.
 35559 | Vaults:1 | Got a vibrating wooden ring
 35733 | Vaults:1 | Received a gift from Okawaru
 35741 | Vaults:1 | Reached skill level 10 in Summonings
 35863 | Vaults:1 | Reached XP level 20. HP: 183/183 MP: 31/36
 36184 | Vaults:2 | Reached skill level 18 in Conjurations
 36367 | Vaults:2 | Noticed Sojobo
 36385 | Vaults:2 | Killed Sojobo
 36493 | Vaults:2 | Learned a level 7 spell: Spellforged Servitor
 36770 | Vaults:2 | Received a gift from Okawaru
 37026 | Vaults:2 | Learned a level 5 spell: Fireball
 37304 | Vaults:3 | Found a staircase to the Crypt.
 37647 | Vaults:3 | Found a runed translucent gate.
 37647 | Vaults:3 | Found a runed translucent gate.
 37647 | Vaults:3 | Found a runed translucent gate.
 37647 | Vaults:3 | Found an ancient bone altar of Kikubaaqudgha.
 37647 | Vaults:3 | Noticed skumtomte's ghost (adept DEAE)
 37647 | Vaults:3 | Noticed an ancient lich
 37764 | Vaults:3 | Reached XP level 21. HP: 134/190 MP: 16/39
 37968 | Vaults:3 | Received a gift from Okawaru
 38086 | Vaults:3 | Reached skill level 15 in Spellcasting
 38384 | Vaults:3 | Reached skill level 5 in Fire Magic
 38660 | Vaults:3 | Slain by a stone giant (illusionary)

Levels and vault maps discovered:
D:1:      psy_arrival_radial02, layout_loops_ring,
          hangedman_decor_clover_reticule
D:2:      layout_basic, chequers_ecumenical_altar_simple_redux,
          chequers_serial_rivers_micro_b, uniq_jessica
D:3:      layout_loops_ring, nicolae_overflow_crystal_walls, first_ration
D:4:      layout_cave_pools, cheibrodos_gnoll_hut, uniq_menkaure, uniq_duvessa
D:5:      layout_cave_pools, minmay_temple_entry_purple_smoke,
          gammafunk_ghost_smash, hangedman_abyss_or_decor_passed, uniq_grinder,
          uniq_blork_the_orc, uniq_edmund
D:6:      layout_basic, kennysheep_donut
D:7:      layout_basic, gammafunk_ghost_wrathful_warriors, sigmund_army
D:8:      minmay_the_grid_triangle_9x9_recursive_2
          [minmay_the_grid_triangle_9x9_prize_center,
          minmay_the_grid_triangle_9x9_steps,
          minmay_the_grid_triangle_9x9_odd_lines,
          minmay_the_grid_triangle_9x9_wacky_v], layout_basic,
          david_lair_generic, basic_altar
D:9:      layout_gridville, kennysheep_mini, nicolae_ashenzari_panopticon,
          lemuel_doored_altar
D:10:     layout_long_grid, minmay_orc_entry_temple_small, uniq_josephine,
          uniq_snorg
D:11:     layout_basic, basic_altar
D:12:     layout_basic, basic_altar
D:13:     layout_cave_pools, lightli_vaults_fourway_checkpoint
D:14:     layout_rooms, wad_floor_pattern_1
D:15:     grunt_enter_depths_snipers, layout_rooms, nrook_campfire,
          gammafunk_ghost_spectres
Temple:   regret_index_temple_mists
Lair:1:   layout_loops_ring
Lair:2:   layout_cave_pods, minmay_shoals_entry_centaurs,
          spider_nest_entry_funnel_web, ebering_ghost_reflecting_pool,
          nicolae_quartered_pool_little, grunt_megastairs_2
Lair:3:   layout_concentric_octagons
Lair:4:   layout_regular_city, gammafunk_ghost_necromancy,
          minmay_another_anthill, grunt_megastairs_3
Lair:5:   layout_misc_corridors, serial_bayou_shore_b,
          minmay_lair_oklob_chamber, infiniplex_staircase_pool_2, uniq_sonja
Lair:6:   gammafunk_lair_ancient_temple, layout_gridlike,
          minmay_slime_entry_pillars, uniq_rupert, uniq_kirke
Shoals:1: layout_shoals, gammafunk_ghost_split, nicolae_shoals_c_island
Shoals:2: layout_shoals
Shoals:3: layout_shoals, nicolae_shoals_water_shrine, uniq_nikola
Shoals:4: shoals_end_grunt_ice, layout_shoals, shoals_ilsuiw_ice,
          nicolae_shoals_this_corrosion
Spider:1: layout_chambers, drop_trap
Spider:2: layout_chambers
Spider:3: layout_spider_delve, hangedman_spider_mandibles
Spider:4: guppyfry_spider_rune
Orc:1:    layout_caves, uniq_nergalle
Orc:2:    grunt_orc_gardens, layout_diamond_mine, grunt_orc_garden,
          grunt_orc_garden, grunt_orc_garden, grunt_orc_garden, uniq_urug
Elf:1:    eino_elf_arrival_sip, layout_geoelf_diagonals, serial_shops, shop,
          minmay_elf_sorcery, minmay_shoptagon, uniq_frances
Elf:2:    layout_onion_city
Elf:3:    elf_hall_gauntlet_wide, layout_onion_city, basic_altar,
          grunt_ministairs_8
Vaults:1: nicolae_vaults_big_ls, v_alt_pattern_2,
          nicolae_vaults_inception_statues, vaults_room_grid,
          hangedman_vaults_nodes, v_pattern_1, vaults_room_corners,
          hangedman_vaults_locks, nicolae_vaults_little_squares_3, v_misc_13,
          ontoclasm_vaults_decontamination, vaults_room_hallway,
          vaults_room_hangedman_quadrants, layout_vaults_omnibox, serial_shops,
          shop
Vaults:2: hangedman_vaults_restitches, v_pattern_4, st_check,
          vaults_dpeg_diagonal, ontoclasm_vaults_tryst,
          nicolae_vaults_what_the_h, hangedman_vaults_hat,
          ontoclasm_vaults_idyll, vaults_dpeg_encased_lava,
          layout_vaults_maze_bifur, uniq_sojobo
Vaults:3: gammafunk_vaults_ghost_crypt, v_misc_18, nicolae_vaults_network_star,
          ontoclasm_vaults_fault, minmay_crypt_entry_simple_box,
          vaults_room_semicircle, nicolae_vaults_c_with_doors,
          nicolae_vaults_specimen_jars, grunt_vaults_swirl,
          nicolae_vaults_triangles, v_pattern_2, vaults_room_fours,
          ontoclasm_vaults_gateway, vaults_dpeg_ring,
          ontoclasm_vaults_ring_small, layout_vaults_ring, uniq_mennas

Skill      XL: |  1  2  3  4  5  6  7  8  9 10 11 12 13 14 15 16 17 18 19 20 21 |
---------------+----------------------------------------------------------------+-----
Conjurations   | 2 3 4 5 6 8 9 11 12 13 14 15 16 17 18 | 18.0
Poison Magic   | 1 3 6 9 |  9.0
Translocations | 2 3 |  3.0
Fire Magic     | 2 3 6 |  6.5
Stealth        | 4 6 9 |  9.0
Spellcasting   | 5 6 7 9 10 12 14 15 | 15.0
Invocations    | 3 5 6 |  6.0
Maces & Flails | 3 4 6 7 9 12 | 12.0
Fighting       | 2 4 5 6 8 11 12 | 12.0
Air Magic      | 3 5 6 7 9 |  9.0
Summonings     | 3 6 9 10 12 | 12.0
Armour         | 3 6 9 |  9.0
Shields        | 2 3 6 9 |  9.0
Evocations     | 3 |  3.0
Dodging        | |  1.5

Action                   |  1- 3 |  4- 6 |  7- 9 | 10-12 | 13-15 | 16-18 | 19-21 || total
-------------------------+-------+-------+-------+-------+-------+-------+-------++-------
Melee: Short sword       |     3 |     5 |       |       |       |       |       ||     8
       Trident           |       |    13 |    97 |     6 |       |       |       ||   116
       Quarterstaff      |       |     6 |    26 |       |       |       |       ||    32
       Flail             |       |       |    37 |    60 |       |       |       ||    97
       Morningstar       |       |       |    42 |   126 |       |       |       ||   168
       Punch             |       |       |       |     1 |     3 |     8 |       ||    12
       Demon whip        |       |       |       |    94 |   782 |   903 |  1112 ||  2891
       Staff             |       |       |       |     7 |     2 |       |       ||     9
       Constrict         |       |       |       |       |   136 |   154 |   194 ||   484
 Fire: Shortbow          |       |       |       |    30 |       |       |       ||    30
Throw: Javelin           |       |       |       |       |       |     1 |       ||     1
 Cast: Magic Dart        |    28 |    61 |    88 |    29 |       |       |       ||   206
       Conjure Flame     |       |     2 |    24 |    22 |    27 |    17 |       ||    92
       Mephitic Cloud    |       |     5 |    18 |    56 |    89 |   160 |    38 ||   366
       Blink             |       |     1 |     7 |    10 |    12 |    13 |     6 ||    49
       Summon Lightning  |       |       |       |    77 |    93 |   132 |    66 ||   368
       Force Lance       |       |       |       |       |    12 |    22 |    19 ||    53
       Venom Bolt        |       |       |       |       |       |    22 |    24 ||    46
       Orb of Destructio |       |       |       |       |       |     8 |     6 ||    14
       Fireball          |       |       |       |       |       |       |     3 ||     3
Invok: Heroism           |       |       |       |     6 |    11 |    35 |     6 ||    58
       Finesse           |       |       |       |       |       |     1 |     6 ||     7
 Abil: Spit Poison       |    34 |    42 |    50 |   122 |   140 |   213 |   103 ||   704
Evoke: Wand              |       |       |       |       |     1 |     2 |       ||     3
       Lightning rod     |       |       |       |       |       |       |     2 ||     2
  Use: Potion            |       |     2 |     3 |     2 |     6 |     4 |     2 ||    19
       Scroll            |       |     3 |     8 |     9 |    19 |     8 |     8 ||    55
 Stab: Confused          |       |       |     5 |    10 |    41 |    44 |    30 ||   130
       Sleeping          |       |       |     1 |     1 |     6 |     2 |    15 ||    25
       Distracted        |       |       |       |     2 |    17 |    11 |    13 ||    43
       Held in net/web   |       |       |       |       |       |     1 |       ||     1
  Eat: Chunk             |     1 |     9 |    13 |    48 |    37 |    47 |    26 ||   181
       Ration            |       |       |       |     1 |       |       |       ||     1
Armor: Robe              |     1 |     8 |    68 |    12 |       |       |       ||    89
       Skin              |       |       |       |    16 |       |       |       ||    16
       Acid dragon scale |       |       |       |   186 |   506 |   530 |   238 ||  1460
Dodge: Dodged            |     4 |    19 |    60 |   119 |   244 |   222 |   114 ||   782
Block: Buckler           |       |       |       |       |       |    41 |       ||    41
       Shield            |       |       |       |       |       |    71 |   232 ||   303

Table legend:
 A = Non-vault XP
 B = Vault XP
 C = Vault XP percentage of total XP
 D = Non-vault monster count
 E = Vault monster count
 F = Vault count percentage of total count
                 A         B        C        D         E       F
            +---------+---------+-------+---------+---------+-------
      Total |  295723 |  234465 |  44.2 |    1119 |     498 |  30.8
            +---------+---------+-------+---------+---------+-------
        D:1 |      29 |       0 |   0.0 |      17 |       0 |   0.0
        D:2 |     146 |      37 |  20.2 |      31 |       1 |   3.1
        D:3 |      87 |       0 |   0.0 |      12 |       0 |   0.0
        D:4 |     286 |     491 |  63.2 |      14 |       6 |  30.0
        D:5 |     441 |    1084 |  71.1 |      10 |       7 |  41.2
        D:6 |    1166 |       0 |   0.0 |      19 |       0 |   0.0
        D:7 |    1509 |    1113 |  42.4 |      25 |       6 |  19.4
        D:8 |     695 |    4348 |  86.2 |      22 |      16 |  42.1
        D:9 |    1813 |       0 |   0.0 |      43 |       0 |   0.0
       D:10 |    1179 |    2279 |  65.9 |      27 |      15 |  35.7
       D:11 |    1342 |       0 |   0.0 |      21 |       0 |   0.0
       D:12 |    2811 |       0 |   0.0 |      16 |       0 |   0.0
       D:13 |    2932 |    4342 |  59.7 |      21 |      12 |  36.4
       D:14 |    7548 |       0 |   0.0 |      48 |       0 |   0.0
       D:15 |    7754 |    5165 |  40.0 |      20 |      11 |  35.5
     Lair:1 |    2902 |       0 |   0.0 |      17 |       0 |   0.0
     Lair:2 |    2404 |    1994 |  45.3 |      17 |       9 |  34.6
     Lair:3 |    1344 |       0 |   0.0 |       9 |       0 |   0.0
     Lair:4 |    2164 |    7551 |  77.7 |      13 |      51 |  79.7
     Lair:5 |    2397 |    3304 |  58.0 |      11 |      11 |  50.0
     Lair:6 |    6535 |   11579 |  63.9 |      31 |      34 |  52.3
   Shoals:1 |    7137 |    2887 |  28.8 |      23 |       7 |  23.3
   Shoals:2 |    9183 |       0 |   0.0 |      29 |       0 |   0.0
   Shoals:3 |    9567 |    7433 |  43.7 |      28 |       9 |  24.3
   Shoals:4 |   12567 |   24408 |  66.0 |      29 |      46 |  61.3
   Spider:1 |   25960 |       0 |   0.0 |     101 |       0 |   0.0
   Spider:2 |   14723 |       0 |   0.0 |      39 |       0 |   0.0
   Spider:3 |   25536 |       0 |   0.0 |      69 |       0 |   0.0
   Spider:4 |   10307 |   18528 |  64.3 |      34 |      44 |  56.4
      Orc:1 |    1328 |     781 |  37.0 |      22 |       1 |   4.3
      Orc:2 |    7376 |    7169 |  49.3 |      62 |      28 |  31.1
      Elf:1 |   12179 |    5623 |  31.6 |      20 |       9 |  31.0
      Elf:2 |   12915 |     913 |   6.6 |      25 |       1 |   3.8
      Elf:3 |   16826 |   30414 |  64.4 |      34 |      26 |  43.3
   Vaults:1 |   20634 |   24271 |  54.0 |      38 |      49 |  56.3
   Vaults:2 |   28520 |   31764 |  52.7 |      63 |      42 |  40.0
   Vaults:3 |   33481 |   36987 |  52.5 |      59 |      57 |  49.1
            +---------+---------+-------+---------+---------+-------
